 Dungeon Crawl Stone Soup version 0.19.0-19-g8c6edcc (webtiles) character file.

5885 dobroeutro the Cleaver (level 10, -4/86 HPs)
             Began as a Minotaur Berserker on Nov 13, 2016.
             Was a High Priest of Trog.
             Slain by a yak (9 damage)
             ... on level 9 of the Dungeon.
             The game lasted 00:10:12 (7326 turns).

dobroeutro the Cleaver (Minotaur Berserker)         Turns: 7326, Time: 00:10:13

Health: -4/86      AC:  8    Str: 24    XL:     10   Next: 52%
Magic:  8/8        EV: 15    Int:  2    God:    Trog [*****.]
Gold:   574        SH:  0    Dex: 13    Spells: 0 memorised, 9 levels left

rFire  + . .     SeeInvis .     t - +0 war axe
rCold  . . .     Gourm    .     H - +0 leather armour {rC+}
rNeg   + . .     Faith    +     (no shield)
rPois  .         Spirit   .     (helmet restricted)
rElec  .         Reflect  .     (no cloak)
rCorr  .         Harm     .     n - +2 pair of gloves
MR     .....     Rnd*Rage +     m - +0 pair of boots
Stlth  ++........               q - amulet of faith
                                O - ring of fire
                                x - ring of positive energy

@: no status effects
A: retaliatory headbutt, hooves 1, horns 2, thin skeletal structure 1, berserk
1, dopey 1, low mp 1
a: Berserk, Trog's Hand, Brothers in Arms, Burn Spellbooks, Renounce Religion


You were on level 9 of the Dungeon.
You worshipped Trog.
Trog was extremely pleased with you.
You were not hungry.

You visited 1 branch of the dungeon, and saw 9 of its levels.

You collected 574 gold pieces.

Inventory:

Hand Weapons
 t - a +0 war axe (weapon)
Armour
 m - a +0 pair of boots (worn)
 n - a +2 pair of gloves (worn)
 A - a +2 robe of magic resistance
 H - a +0 leather armour of cold resistance (worn)
Jewellery
 q - an amulet of faith (around neck)
 x - a ring of positive energy (left hand)
 I - an uncursed amulet of magic regeneration {unknown}
 O - a ring of fire (right hand)
Wands
 w - a wand of slowing (35/48)
 B - a wand of random effects (39/48)
 F - a wand of flame (20/48)
 J - a wand of iceblast (6/15)
 K - a wand of iceblast (5/15)
Scrolls
 b - 2 scrolls of amnesia {unknown}
 e - 11 scrolls of identify
 h - 2 scrolls of fog {unknown}
 j - a scroll of magic mapping {unknown}
 o - 7 scrolls of remove curse {unknown}
 p - 4 scrolls of enchant weapon {unknown}
 r - a scroll of immolation {unknown}
 u - a scroll of recharging {unknown}
 y - 2 scrolls of blinking {unknown}
 C - a scroll of teleportation {unknown}
 L - a scroll of noise {unknown}
 M - a scroll of silence {unknown}
 N - a scroll of vulnerability {unknown}
 P - a scroll of brand weapon {unknown}
 Q - a scroll of torment {unknown}
Potions
 a - a potion of invisibility
 f - 5 potions of lignification {unknown}
 k - a potion of berserk rage {unknown}
 l - 7 potions of curing {unknown}
 v - 3 potions of mutation {unknown}
 z - 4 potions of flight {unknown}
 R - a potion of brilliance {unknown}
Books
 i - a book of Misfortune

   Spells                             Type                      Level
   a - Confusing Touch                Hexes                        1
   b - Confuse                        Hexes                        3
   c - Gell's Gravitas                Hexes/Translocation          3
   d - Petrify                        Transmutation/Earth          4
   e - Metabolic Englaciation         Hexes/Ice                    5
   f - Yara's Violent Unravelling     Hexes/Transmutation          5
   Trog disapproves of the use of such an item.
 E - Cinn's Catalogue of Clay and Moulding
   (You found it on level 7 of the Dungeon)

   Spells                             Type                      Level
   a - Sandblast                      Earth                        1
   b - Lee's Rapid Deconstruction     Earth                        5
   c - Yara's Violent Unravelling     Hexes/Transmutation          5
   d - Statue Form                    Transmutation/Earth          6
   Trog disapproves of the use of such an item.
Comestibles
 c - 5 bread rations
 d - 8 meat rations
 g - 3 beef jerkies
 s - 6 chunks of flesh
 D - 2 slices of pizza
 G - a fruit


   Skills:
 + Level 7.5 Fighting
 * Level 14.9 Axes
 + Level 6.7 Armour
 + Level 6.2 Dodging


You had 9 spell levels left.
You didn't know any spells.

Dungeon Overview and Level Annotations

Branches:
Dungeon (9/15)             Temple (0/1) D:4            Lair (0/6) D:8
    Orc: D:9-12

Altars:
Cheibriados
Dithmenos
Kikubaaqudgha
Qazlal
Trog


Innate Abilities, Weirdness & Mutations

You reflexively headbutt those who attack you in melee.
You have a pair of horns on your head.
You have large cloven feet.
You have a somewhat thin skeletal structure. (Dex +2, Stealth)
You tend to lose your temper in combat.
You are dopey. (Int -2)
Your magical capacity is low. (-10% MP)


Message History

You hit the yak but do no damage. You hit the yak. x2; The yak gores you.
The yak closely misses you. You furiously retaliate!
You headbutt the yak, but do no damage. You barely miss the yak.
Your headbutt misses the yak.
The yak is heavily wounded.
You closely miss the yak. You barely miss the yak.
You hit the yak but do no damage. The yak gores you. The yak gores you!
* * * LOW HITPOINT WARNING * * *
You are too injured to fight recklessly!
You are too injured to fight recklessly!
You are too injured to fight recklessly!
Unknown command.
As you read the scroll labeled MACATE GIJAM, it crumbles to dust.
It is a scroll of identify.
a - a potion of invisibility The yak gores you!
* * * LOW HITPOINT WARNING * * *
The yak snorts and paws the ground.
The yak barely misses you. The yak gores you!
You die...

###############.................#
#......................)......#
#..............................
#>.............................
#............###########.......
#............#.# #.......
###...≈......#.# # ##......
#..≈≈≈≈....#Y#Y#.#.# #..≈...
#..≈≈≈≈≈...'@YYYY... #≈≈≈≈≈≈
#.≈≈≈≈≈≈≈≈≈Y≈YYY≈≈≈≈≈≈≈≈≈.≈≈≈
#..≈≈≈≈≈...'.YYY.....##≈...≈.
#...≈≈.....#.#Y#.#.# #......
#..........#.#.# # # #......
###..........#.#.# .......
.............######### #.......
..>................... ........
....<...#.............


You could see 14 yaks.

Vanquished Creatures
  Erolcha (D:9)
  Joseph (D:7)
  Psyche (D:8)
  A hippogriff (D:9)
  Sigmund (D:5)
  3 yaks (D:9)
  Eustachio (D:5)
  A steam dragon (D:9)
  Edmund (D:5)
  The ghost of Chiseanne the Ducker, an amateur SpMo of Okawaru (D:4)
  2 orc warriors (D:6)
  2 sky beasts
  3 ogres
  2 centaurs
  The ghost of Haldmier the Slasher, an amateur HESk (D:3)
  A big kobold (D:8)
  8 bullfrogs
  A wyvern skeleton (D:8)
  A scorpion (D:7)
  5 killer bees (D:7)
  2 electric eels (D:9)
  6 howler monkeys
  3 crimson imps
  A centaur zombie (D:9)
  2 jellies
  A hound (D:9)
  4 orc priests
  2 bullfrog skeletons
  11 orc wizards
  2 iguanas
  6 worker ants
  3 killer bee zombies
  A hound zombie (D:6)
  A howler monkey skeleton (D:7)
  A worker ant zombie (D:8)
  A howler monkey zombie (D:5)
  8 gnolls
  2 adders
  3 shadow imps
  An ooze (D:3)
  An adder skeleton (D:4)
  3 worms
  A dart slug (D:2)
  5 leopard geckos
  22 orcs
  5 bats
  3 giant cockroaches
  9 goblins
  6 hobgoblins
  13 jackals
  19 kobolds
  4 quokkas
  2 frilled lizards
  A jackal skeleton (D:6)
  A jackal zombie (D:6)
  A leopard gecko skeleton (D:5)
  5 rats
  A bush (D:2)
201 creatures vanquished.

Vanquished Creatures (others)
  10 fungi (D:5)
10 creatures vanquished.

Grand Total: 211 creatures vanquished

Notes
Turn   | Place    | Note
-------+----------+-------------------------------------------
     0 | D:1      | dobroeutro the Minotaur Berserker began the quest for the Orb.
     0 | D:1      | Reached XP level 1. HP: 19/19 MP: 0/0
    90 | D:1      | Reached skill level 4 in Axes
   113 | D:1      | Reached XP level 2. HP: 26/26 MP: 1/1
   755 | D:2      | Found an ancient bone altar of Kikubaaqudgha.
   867 | D:2      | Reached skill level 5 in Axes
  1119 | D:2      | Reached XP level 3. HP: 31/31 MP: 2/2
  1598 | D:3      | Reached ** piety under Trog
  1625 | D:3      | Noticed Haldmier's ghost (amateur HESk)
  1648 | D:3      | HP: 1/46 [Haldmier's ghost (5)]
  1654 | D:3      | Killed Haldmier's ghost
  1654 | D:3      | Reached skill level 6 in Axes
  1654 | D:3      | Reached XP level 4. HP: 2/39 MP: 3/3
  2092 | D:3      | Found a bloodstained altar of Trog.
  2246 | D:3      | Reached XP level 5. HP: 43/45 MP: 4/4
  2252 | D:3      | Reached skill level 7 in Axes
  2589 | D:4      | Noticed an ogre
  2593 | D:4      | Killed an ogre
  2593 | D:4      | Reached skill level 8 in Axes
  2697 | D:4      | Reached XP level 6. HP: 51/51 MP: 5/5
  2762 | D:4      | Found a staircase to the Ecumenical Temple.
  3064 | D:4      | Reached skill level 9 in Axes
  3121 | D:4      | Found a snail-covered altar of Cheibriados.
  3219 | D:4      | Noticed Chiseanne's ghost (amateur SpMo)
  3233 | D:4      | Killed Chiseanne's ghost
  3233 | D:4      | Reached XP level 7. HP: 57/57 MP: 2/6
  3491 | D:5      | Entered Level 5 of the Dungeon
  3496 | D:5      | Reached skill level 10 in Axes
  3527 | D:5      | Noticed Edmund
  3532 | D:5      | Noticed Sigmund
  3540 | D:5      | Killed Edmund
  3540 | D:5      | Reached *** piety under Trog
  3543 | D:5      | Killed Sigmund
  3543 | D:5      | Reached skill level 11 in Axes
  3621 | D:5      | Noticed Eustachio
  3638 | D:5      | Killed Eustachio
  3638 | D:5      | Reached XP level 8. HP: 55/64 MP: 7/7
  4025 | D:6      | Reached skill level 12 in Axes
  4213 | D:6      | Reached **** piety under Trog
  4302 | D:6      | Reached skill level 13 in Axes
  4463 | D:6      | Reached XP level 9. HP: 52/72 MP: 8/8
  4757 | D:6      | Gained mutation: Your magical capacity is low. (-10% MP) [mutagenic meat]
  4758 | D:6      | Gained mutation: You have a somewhat thin skeletal structure. (Dex +2, Stealth) [mutagenic meat]
  4759 | D:6      | Gained mutation: You have large cloven feet. [mutagenic meat]
  4760 | D:6      | Gained mutation: You are dopey. (Int -2) [mutagenic meat]
  4761 | D:6      | Gained mutation: You tend to lose your temper in combat. [mutagenic meat]
  5009 | D:7      | Identified Cinn's Catalogue of Clay and Moulding
  5244 | D:7      | Noticed Joseph
  5257 | D:7      | HP: 3/109 [Joseph/uncursed quarterstaff of holy wrath (9)]
  5258 | D:7      | Killed Joseph
  5258 | D:7      | Reached skill level 5 in Fighting
  5533 | D:7      | Reached skill level 5 in Armour
  6094 | D:8      | Noticed Psyche
  6102 | D:8      | Killed Psyche
  6114 | D:8      | Reached skill level 14 in Axes
  6116 | D:8      | Reached ***** piety under Trog
  6119 | D:8      | Reached skill level 5 in Dodging
  6299 | D:8      | Found a staircase to the Lair.
  6464 | D:8      | Reached XP level 10. HP: 84/84 MP: 8/8
  7192 | D:9      | Noticed Erolcha
  7206 | D:9      | Killed Erolcha
  7280 | D:9      | Found a stormy altar of Qazlal.
  7281 | D:9      | Found a shadowy altar of Dithmenos.
  7326 | D:9      | Slain by a yak

Skill      XL: |  1  2  3  4  5  6  7  8  9 10 |
---------------+-------------------------------+-----
Axes           | 4 5 6 8 9 11 13 14 | 14.9
Fighting       | 4 6 7 |  7.5
Armour         | 3 5 6 |  6.7
Dodging        | 3 5 6 |  6.2

Action                   |  1- 3 |  4- 6 |  7- 9 | 10-12 || total
-------------------------+-------+-------+-------+-------++-------
Melee: Hand axe          |   130 |    57 |       |       ||   187
       Headbutt          |    37 |    12 |    50 |    19 ||   118
       War axe           |       |    35 |   272 |    68 ||   375
Invok: Berserk           |     1 |     4 |     6 |     2 ||    13
  Use: Scroll            |       |       |       |     1 ||     1
 Stab: Sleeping          |       |     1 |     2 |     1 ||     4
  Eat: Chunk             |     2 |     9 |    22 |     5 ||    38
Armor: Animal skin       |     9 |    12 |    53 |       ||    74
       Robe              |       |       |    19 |       ||    19
       Leather armour    |       |       |    24 |    16 ||    40
Dodge: Dodged            |    54 |    51 |   148 |    40 ||   293
